 Dungeon Crawl Stone Soup version 0.28-a0-1560-g060a6a1bfc (webtiles) character file.

Game seed: 10847691438373811797

147 BritishOli the Slasher (level 5, 0/41 HPs)
             Began as a Demonspawn Gladiator on Jan 19, 2022.
             Slain by a scorpion (1 damage)
             ... on level 4 of the Dungeon.
             The game lasted 00:02:42 (2522 turns).

BritishOli the Slasher (Demonspawn Gladiator)       Turns: 2522, Time: 00:02:42

Health: 0/41       AC:  4    Str: 16    XL:     5   Next: 7%
Magic:  5/5        EV: 15    Int:  9    God:
Gold:   94         SH:  0    Dex: 15    Spells: 4/4 levels left

rFire   . . .      SeeInvis .   a - +0 long sword
rCold   . . .      Faith    .   (no shield)
rNeg    . . .      Spirit   .   b - +0 leather armour
rPois   .          Reflect  .   c - +0 helmet
rElec   .          Harm     .   (no cloak)
rCorr   .          Rampage  .   (no gloves)
Will    .....                   (no boots)
Stlth   +.........              (no amulet)
HPRegen 0.13/turn               (no ring)
MPRegen 0.09/turn               (no ring)

@: lethally poisoned (0 -> -11)
A: repulsion field 1, demonic guardian 1, spiny 1
a: no special abilities


You were on level 4 of the Dungeon.
You visited 1 branch of the dungeon, and saw 4 of its levels.

You collected 94 gold pieces.

Inventory:

Hand Weapons
 a - a +0 long sword (weapon)
Missiles
 d - 3 throwing nets (quivered)
 m - 4 boomerangs of dispersal
Armour
 b - a +0 leather armour (worn)
 c - a +0 helmet (worn)
Wands
 g - a wand of flame (4)
 h - a wand of acid (10)
Scrolls
 i - a scroll of teleportation {unknown}
 j - a scroll of immolation {unknown}
 k - a scroll of identify {unknown}
 o - 2 scrolls of vulnerability {unknown}
Potions
 e - 3 potions of curing {unknown}
 f - a potion of might {unknown}
 l - a potion of flight {unknown}
 n - a potion of degeneration {unknown}


   Skills:
 + Level 3.0 Fighting
 * Level 3.7 Long Blades
 - Level 2.2 Throwing
 + Level 1.1 Armour
 + Level 3.4 Dodging


You had 4 spell levels left.
You didn't know any spells.
Your spell library was empty.

Dungeon Overview and Level Annotations

Branches:
Dungeon (4/15)
 Temple: D:4-7

Altars:
Dithmenos

Shops:
D:1 !


Innate Abilities, Weirdness & Mutations

You are surrounded by a mild repulsion field. (EV +2)
A weak demonic guardian rushes to your aid.
You are partially covered in sharp spines.


Message History

A scorpion comes into view.
The goblin is struck by your spines.
You kill the goblin!
A scorpion is nearby!
You see here a +0 dagger.
A scorpion is nearby!
The scorpion stings you! The scorpion stings you.
You are poisoned.
The scorpion poisons you!
A scorpion is nearby!
You closely miss the scorpion.
You punch the scorpion, but do no damage.
You feel very sick. The scorpion closely misses you.
A scorpion is nearby!
You barely miss the scorpion.
You feel sick. The scorpion is struck by your spines.
The scorpion stings you but does no damage.
A scorpion is nearby!
A scorpion is nearby!
You hit the scorpion. Your punch misses the scorpion.
The scorpion is moderately wounded.
You feel sick. The scorpion stings you. x2
* * * LOW HITPOINT WARNING * * *
You are lethally poisoned!
The scorpion poisons you!
You are too injured to fight recklessly!
There is a lethal amount of poison in your body!
You are too injured to fight recklessly!
You closely miss the scorpion.
The scorpion is moderately wounded.
* * * LOW HITPOINT WARNING * * *
You feel very sick. The scorpion closely misses you.
You hit the scorpion. Your punch misses the scorpion.
The scorpion is heavily wounded.
* * * LOW HITPOINT WARNING * * *
You feel very sick. The scorpion is struck by your spines.
The scorpion stings you.
You die...

#...# #.<# .
#####.###..# ..
#.........# ...
#..(..)...# ....
#.........# .....
#####.........#
#.....##).$...##.###.#
......s@..........# .#
#.......###..###..# #
..####### ...# ..#
....# ## .....# .....#
......


You could see a scorpion.

Vanquished Creatures
  Terence (D:2)
  6 adders
  A worm (D:3)
  2 dart slugs
  5 orcs (D:3)
  5 endoplasms
  4 giant cockroaches
  3 goblins
  4 hobgoblins
  8 jackals
  2 quokkas
  4 ball pythons
  6 bats
  2 kobolds
53 creatures vanquished.

Notes
Turn   | Place    | Note
-------+----------+-------------------------------------------
     0 | D:1      | BritishOli the Demonspawn Gladiator began the quest for the
                  | Orb.
     0 | D:1      | Reached XP level 1. HP: 16/16 MP: 1/1
   195 | D:1      | Found Moasat's Distillery.
   204 | D:1      | Found a faded altar of an unknown god.
   218 | D:1      | You fall into a shaft and drop 1 floor!
   252 | D:2      | Gained mutation: You are surrounded by a mild repulsion
                  | field. (EV +2) [demonic ancestry]
   252 | D:2      | Reached XP level 2. HP: 22/22 MP: 2/2
   314 | D:2      | Gained mutation: You are partially covered in sharp spines.
                  | [demonic ancestry]
   314 | D:2      | Reached XP level 3. HP: 15/28 MP: 3/3
   499 | D:2      | Noticed Terence
   504 | D:2      | Killed Terence
  1031 | D:2      | Reached XP level 4. HP: 34/34 MP: 4/4
  1631 | D:3      | Reached skill level 1 in Armour
  1762 | D:3      | Found a shadowy altar of Dithmenos.
  2257 | D:3      | Gained mutation: A weak demonic guardian rushes to your
                  | aid. [demonic ancestry]
  2257 | D:3      | Reached XP level 5. HP: 25/41 MP: 5/5
  2522 | D:4      | HP: 1/41 [poisoned by a scorpion]
  2522 | D:4      | Slain by a scorpion

Illustrated notes

Levels and vault maps discovered:
D:1:      lightli_arrival_lavapool, layout_basic, serial_shops, shop_fountains,
          ebering_ecumenical_altar_box
D:2:      minmay_inner_zag, layout_basic, chequers_serial_rivers_micro_c,
          nicolae_figureground_sparkle, uniq_terence
D:3:      layout_rooms, mainiacjoe_overflow_small_starburst
D:4:      layout_rooms, uniq_eustachio

Skill      XL: |  1  2  3  4 |
---------------+-------------+-----
Throwing       | 2 |  2.2
Long Blades    | 3 |  3.7
Dodging        | 3 |  3.4
Armour         | 1 |  1.1
Fighting       | 3 |  3.0

Action                   |  1- 3 |  4- 6 || total
-------------------------+-------+-------++-------
Melee: Long sword        |    57 |    69 ||   126
       Punch             |       |     1 ||     1
 Stab: Sleeping          |     1 |       ||     1
Armor: Leather armour    |    22 |    22 ||    44
Dodge: Dodged            |    49 |    53 ||   102

Table legend: (Time is in decaauts)
 A = Elapsed time spent in this place.
 B = Non-inter-level travel time spent in this place.
 C = Inter-level travel time spent in this place.
 D = Time resting spent in this place.
 E = Time spent auto-exploring this place.
 F = Levels seen in this place.
 G = Mean time per level.
                   A        B        C        D        E       F      G
               +--------+--------+--------+--------+--------+-----+--------+
         Total |   2552 |   2537 |     15 |    169 |   2026 |   4 |  638.0 |
       Dungeon |   2552 |   2537 |     15 |    169 |   2026 |   4 |  638.0 |
               +--------+--------+--------+--------+--------+-----+--------+

Top non-repeatable levels by time:
     D:2: 1312 daAuts
     D:3: 1000 daAuts
     D:1: 221 daAuts
     D:4: 18 daAuts
